TOP OF THE 1ST |
---|
Oklahoma Sooners batting - Pitching for Texas Tech Red Raiders : RHP Mike Fox | Pitching: RHP Mike Fox | | Batting: LHB Ken Wood | 0-0: Foul Ball, location: 2F 0-1: Swinging Strike 0-2: Foul Ball, location: 2F 0-2: Ball 1-2: Ball 2-2: Foul Ball, location: 2F 2-2: Strikes out swinging | Batting: LHB Jake Dingler | 0-0: Called Strike 0-1: Ball 1-1: Fly out, F7 (Flyball, 7) | Batting: SHB David Logsdon | 0-0: Ball 1-0: Ball 2-0: Ground out 6-3 (Groundball, 6) | Top of the 1st over - 0 runs, 0 hits, 0 errors, 0 left on base; Oklahoma 0 - Texas Tech 0 | BOTTOM OF THE 1ST |
---|
Texas Tech Red Raiders batting - Pitching for Oklahoma Sooners : RHP Rich Schwartz | Pitching: RHP Rich Schwartz | | Batting: RHB Hector Gerardo | 0-0: Foul Ball, location: 2F 0-1: Ball 1-1: Ball 2-1: Foul Ball, location: 2F 2-2: Foul Ball, location: 2F 2-2: Foul Ball, location: 2F 2-2: Strikes out looking | Batting: LHB Aaron Reitz | 0-0: Fly out, F5 (Popup, 5SF) | Batting: RHB Kevin Howard | 0-0: Ball 1-0: Called Strike 1-1: Fly out, F6 (Line Drive, 56) | Bottom of the 1st over - 0 runs, 0 hits, 0 errors, 0 left on base; Oklahoma 0 - Texas Tech 0 | TOP OF THE 2ND |
---|
Oklahoma Sooners batting - Pitching for Texas Tech Red Raiders : RHP Mike Fox | Batting: RHB Bronson Shanks | 0-0: Called Strike 0-1: Foul Ball, location: 2F 0-2: Strikes out swinging | Batting: LHB Jonathan Vigil | 0-0: Ball 1-0: Fly out, F3 (Line Drive, 3) | Batting: RHB Ben Newton | 0-0: Called Strike 0-1: Foul Ball, location: 2F 0-2: Foul Ball, location: 2F 0-2: Ground out 4-3 (Groundball, 4) | Top of the 2nd over - 0 runs, 0 hits, 0 errors, 0 left on base; Oklahoma 0 - Texas Tech 0 | BOTTOM OF THE 2ND |
---|
Texas Tech Red Raiders batting - Pitching for Oklahoma Sooners : RHP Rich Schwartz | Batting: RHB Chris Cayea | 0-0: Called Strike 0-1: Foul Ball, location: 2F 0-2: Ball 1-2: SINGLE (Groundball, 5D) | Batting: LHB Ross Maggio | 0-0: Ball 1-0: Foul Ball, location: 2F 1-1: Ball 2-1: Fly out, F8 (Line Drive, 78M) | Batting: LHB Mike Kirby | 0-0: Called Strike 0-1: Called Strike 0-2: Ball 1-2: Strikes out looking | Batting: RHB Travis Hernandez | 0-0: Fly out, F9 (Flyball, 9S) | Bottom of the 2nd over - 0 runs, 1 hit, 0 errors, 1 left on base; Oklahoma 0 - Texas Tech 0 | TOP OF THE 3RD |
---|
Oklahoma Sooners batting - Pitching for Texas Tech Red Raiders : RHP Mike Fox | Batting: LHB David Frost | 0-0: Called Strike 0-1: Ball 1-1: Foul Ball, location: 2F 1-2: Strikes out swinging | Batting: RHB Jarred Ryan | 0-0: Ball 1-0: Called Strike 1-1: Foul Ball, location: 2F 1-2: Strikes out looking | Batting: SHB Fred Nester | 0-0: Called Strike 0-1: SINGLE (Groundball, 34D) | Batting: LHB Ken Wood | 0-0: Ball 1-0: Called Strike 1-1: Ball 2-1: SINGLE (Groundball, 34D) Fred Nester to second Runner from 2nd tries for 3rd, SAFE, no throw | Batting: LHB Jake Dingler | 0-0: Ball 1-0: Called Strike 1-1: DOUBLE (Line Drive, 8LXD) Fred Nester scores Ken Wood to third | Batting: SHB David Logsdon | 0-0: Called Strike 0-1: Ball 1-1: Fly out, F9 (Line Drive, 9) | Top of the 3rd over - 1 run, 3 hits, 0 errors, 2 left on base; Oklahoma 1 - Texas Tech 0 | BOTTOM OF THE 3RD |
---|
Texas Tech Red Raiders batting - Pitching for Oklahoma Sooners : RHP Rich Schwartz | Batting: RHB Ryan Knoll | 0-0: Fly out, F3 (Line Drive, 34) | Batting: RHB Jason Garner | 0-0: Called Strike 0-1: Ball 1-1: Called Strike 1-2: Strikes out swinging | Batting: RHB Hector Gerardo | 0-0: Ball 1-0: Ball 2-0: Ball 3-0: Base on Balls | Batting: LHB Aaron Reitz | 0-0: Ball 1-0: Fly out, F5 (Popup, 15S) | Bottom of the 3rd over - 0 runs, 0 hits, 0 errors, 1 left on base; Oklahoma 1 - Texas Tech 0 | TOP OF THE 4TH |
---|
Oklahoma Sooners batting - Pitching for Texas Tech Red Raiders : RHP Mike Fox | Batting: RHB Bronson Shanks | 0-0: Ball 1-0: Foul Ball, location: 2F 1-1: Swinging Strike 1-2: Strikes out swinging | Batting: LHB Jonathan Vigil | 0-0: Ball 1-0: Ball 2-0: Foul Ball, location: 2F 2-1: Ground out U3 (Groundball, 34) | Batting: RHB Ben Newton | 0-0: Foul Ball, location: 2F 0-1: Called Strike 0-2: Foul Ball, location: 2F 0-2: SINGLE (Line Drive, 89S) | Batting: LHB David Frost | 0-0: Ball 1-0: Swinging Strike 1-1: Ball 2-1: Ball 3-1: Called Strike 3-2: Foul Ball, location: 2F 3-2: Foul Ball, location: 2F 3-2: Base on Balls Ben Newton to second | Batting: RHB Jarred Ryan | 0-0: Ball 1-0: Foul Ball, location: 2F 1-1: Called Strike 1-2: Foul Ball, location: 2F 1-2: Foul Ball, location: 2F 1-2: Fly out, F5 (Line Drive, 56) | Top of the 4th over - 0 runs, 1 hit, 0 errors, 2 left on base; Oklahoma 1 - Texas Tech 0 | BOTTOM OF THE 4TH |
---|
Texas Tech Red Raiders batting - Pitching for Oklahoma Sooners : RHP Rich Schwartz | Batting: RHB Kevin Howard | 0-0: Ball 1-0: Called Strike 1-1: Swinging Strike 1-2: Ball 2-2: Ground out 5-3 (Groundball, 56) | Batting: RHB Chris Cayea | 0-0: Ball 1-0: Called Strike 1-1: SINGLE (Groundball, 6MD) | Batting: LHB Ross Maggio | 0-0: SINGLE (Groundball, 6D) Chris Cayea to second Runner from 2nd tries for 3rd, SAFE, no throw | Batting: LHB Mike Kirby | 0-0: Called Strike 0-1: Fly out, F8 (Flyball, 8RXD) Runner from 3rd tags up, SCORES, no throw | Batting: RHB Travis Hernandez | 0-0: Called Strike 0-1: Called Strike 0-2: Ball 1-2: SINGLE (Line Drive, 9S) Ross Maggio to second Runner from 2nd tries for 3rd, SAFE, throw made to third | Batting: RHB Ryan Knoll | 0-0: Ball 1-0: Called Strike 1-1: Fly out, F7 (Flyball, 78M) | Bottom of the 4th over - 1 run, 3 hits, 0 errors, 2 left on base; Oklahoma 1 - Texas Tech 1 | TOP OF THE 5TH |
---|
Oklahoma Sooners batting - Pitching for Texas Tech Red Raiders : RHP Mike Fox | Batting: SHB Fred Nester | 0-0: Ground out U3 (Groundball, 34) | Batting: LHB Ken Wood | 0-0: Ball 1-0: Ball 2-0: SINGLE (Line Drive, 89M) | Batting: LHB Jake Dingler | 0-0: Ball 1-0: Called Strike 1-1: Ball 2-1: Ball 3-1: Base on Balls Ken Wood to second | Batting: SHB David Logsdon | 0-0: Grounds into double play, 6-4-3 (Groundball, 6) | Top of the 5th over - 0 runs, 1 hit, 0 errors, 1 left on base; Oklahoma 1 - Texas Tech 1 | BOTTOM OF THE 5TH |
---|
Texas Tech Red Raiders batting - Pitching for Oklahoma Sooners : RHP Rich Schwartz | Batting: RHB Jason Garner | 0-0: Ball 1-0: Ball 2-0: Called Strike 2-1: Ground out 5-3 (Groundball, 56S) | Batting: RHB Hector Gerardo | 0-0: Ball 1-0: Foul Ball, location: 2F 1-1: Ball 2-1: Foul Ball, location: 2F 2-2: Foul Ball, location: 2F 2-2: Ball 3-2: Foul Ball, location: 2F 3-2: Foul Ball, location: 2F 3-2: Foul Ball, location: 2F 3-2: Fly out, F8 (Flyball, 8RS) | Batting: LHB Aaron Reitz | 0-0: Called Strike 0-1: Foul Ball, location: 2F 0-2: Foul Ball, location: 2F 0-2: SINGLE (Flyball, 89S) | Batting: RHB Kevin Howard | 0-0: Swinging Strike 0-1: Ball 1-1: Ball 2-1: Ball 3-1: Swinging Strike 3-2: SINGLE (Groundball, 4MD) Aaron Reitz to second Aaron Reitz to third | Batting: RHB Chris Cayea | 0-0: Ball 1-0: Foul Ball, location: 2F 1-1: Ball 2-1: DOUBLE (Line Drive, 78S) Aaron Reitz scores Kevin Howard to third Runner from 3rd tries for Home, SAFE, no throw | Batting: LHB Ross Maggio | 0-0: Swinging Strike 0-1: Ball 1-1: Swinging Strike 1-2: Foul Ball, location: 2F 1-2: Fly out, F8 (Line Drive, 78D) | Bottom of the 5th over - 2 runs, 3 hits, 0 errors, 1 left on base; Oklahoma 1 - Texas Tech 3 | TOP OF THE 6TH |
---|
Oklahoma Sooners batting - Pitching for Texas Tech Red Raiders : RHP Mike Fox | Batting: RHB Bronson Shanks | 0-0: Ball 1-0: Called Strike 1-1: Ball 2-1: Ground out 6-3 (Groundball, 6) | Batting: LHB Jonathan Vigil | 0-0: Ball 1-0: Swinging Strike 1-1: Ball 2-1: Ball 3-1: Ground out 4-3 (Groundball, 4) | Batting: RHB Ben Newton | 0-0: Called Strike 0-1: Ball 1-1: Foul Ball, location: 2F 1-2: Foul Ball, location: 2F 1-2: Ball 2-2: Ground out 6-3 (Groundball, 56) | Top of the 6th over - 0 runs, 0 hits, 0 errors, 0 left on base; Oklahoma 1 - Texas Tech 3 | BOTTOM OF THE 6TH |
---|
Texas Tech Red Raiders batting - Pitching for Oklahoma Sooners : RHP Rich Schwartz | Batting: LHB Mike Kirby | 0-0: Called Strike 0-1: Fly out, F9 (Flyball, 9) | Batting: RHB Travis Hernandez | 0-0: SINGLE (Flyball, 7S) | Batting: RHB Ryan Knoll | 0-0: Called Strike 0-1: Ball Wild Pitch! Travis Hernandez to second 1-1: Intentional Walk | Batting: RHB Jason Garner | 0-0: Called Strike 0-1: Ball 1-1: Foul Ball, location: 2F 1-2: Foul Ball, location: 2F 1-2: Strikes out swinging | Batting: RHB Hector Gerardo | 0-0: Called Strike 0-1: Fly out, F7 (Flyball, 78S) | Bottom of the 6th over - 0 runs, 1 hit, 0 errors, 2 left on base; Oklahoma 1 - Texas Tech 3 | TOP OF THE 7TH |
---|
Oklahoma Sooners batting - Pitching for Texas Tech Red Raiders : RHP Mike Fox | Batting: LHB David Frost | 0-0: Ground out U3 (Groundball, 34) | Batting: RHB Jarred Ryan | 0-0: Fly out, F7 (Line Drive, 7D) | Batting: SHB Fred Nester | 0-0: Foul Ball, location: 2F 0-1: Fly out, F7 (Flyball, 7LS) | Top of the 7th over - 0 runs, 0 hits, 0 errors, 0 left on base; Oklahoma 1 - Texas Tech 3 | BOTTOM OF THE 7TH |
---|
Texas Tech Red Raiders batting - Pitching for Oklahoma Sooners : RHP Rich Schwartz | Batting: LHB Aaron Reitz | 0-0: Called Strike 0-1: Ball 1-1: Called Strike 1-2: Ball 2-2: Ball 3-2: DOUBLE (Flyball, 8RXD) | Batting: RHB Kevin Howard | 0-0: Called Strike 0-1: Ball 1-1: Fly out, F7 (Line Drive, 78D) | Batting: RHB Chris Cayea | 0-0: Ball 1-0: Ground out 4-3 (Groundball, 4) Aaron Reitz to third | Batting: LHB Ross Maggio | 0-0: SINGLE (Groundball, 15S) (infield hit) Aaron Reitz scores | Batting: LHB Mike Kirby | 0-0: Called Strike 0-1: Swinging Strike 0-2: Ball 1-2: Strikes out swinging | Bottom of the 7th over - 1 run, 2 hits, 0 errors, 1 left on base; Oklahoma 1 - Texas Tech 4 | TOP OF THE 8TH |
---|
Oklahoma Sooners batting - Pitching for Texas Tech Red Raiders : RHP Mike Fox | Batting: LHB Ken Wood | 0-0: Called Strike 0-1: Foul Ball, location: 2F 0-2: Ball 1-2: Foul Ball, location: 2F 1-2: Ball 2-2: Ball 3-2: Reached on error, E3 (Groundball, 34) | Batting: LHB Jake Dingler | 0-0: Ball 1-0: Ball 2-0: Foul Ball, location: 2F 2-1: Foul Ball, location: 2F 2-2: Ball 3-2: Fly out, F7 (Flyball, 78D) | Batting: SHB David Logsdon | 0-0: Ball 1-0: Fly out, F5 (Popup, 56S) | Batting: RHB Bronson Shanks | 0-0: Ball 1-0: Ball 2-0: Fly out, F8 (Flyball, 8LS) | Top of the 8th over - 0 runs, 0 hits, 1 error, 1 left on base; Oklahoma 1 - Texas Tech 4 | BOTTOM OF THE 8TH |
---|
Texas Tech Red Raiders batting - Pitching for Oklahoma Sooners : RHP Rich Schwartz | Batting: RHB Travis Hernandez | 0-0: Ball 1-0: Ball 2-0: Ball 3-0: Base on Balls | Batting: RHB Ryan Knoll | 0-0: Bunted foul 0-1: Bunt missed! 0-2: Ball 1-2: Ball 2-2: Ball 3-2: Base on Balls Travis Hernandez to second | Batting: RHB Jason Garner | 0-0: Swinging Strike 0-1: Ball 1-1: Sac Bunt - play at first, batter OUT! 3-4 Travis Hernandez to third Ryan Knoll to second | Batting: RHB Hector Gerardo | 0-0: Foul Ball, location: 2F 0-1: Ball 1-1: Swinging Strike 1-2: Foul Ball, location: 2F 1-2: Ball 2-2: Ball 3-2: SINGLE (Line Drive, 8RS) Travis Hernandez scores Ryan Knoll to third | Pitching: RHP Corbin Hengel | | Batting: LHB Aaron Reitz | 0-0: Called Strike 0-1: SINGLE (Line Drive, 56D) Ryan Knoll scores Hector Gerardo to second | Batting: RHB Kevin Howard | 0-0: Fly out, F7 (Line Drive, 7) | Batting: RHB Chris Cayea | 0-0: Fly out, F6 (Popup, 6MS) | Bottom of the 8th over - 2 runs, 2 hits, 0 errors, 2 left on base; Oklahoma 1 - Texas Tech 6 | TOP OF THE 9TH |
---|
Oklahoma Sooners batting - Pitching for Texas Tech Red Raiders : RHP Mike Fox | Now at C: Edwin Banda | | Batting: LHB Jonathan Vigil | 0-0: Called Strike 0-1: Called Strike 0-2: Ball 1-2: SINGLE (Flyball, 9S) | Batting: RHB Ben Newton | 0-0: Grounds into double play, 6-4-3 (Groundball, 6) | Batting: LHB David Frost | 0-0: Fly out, F8 (Flyball, 89D) | Top of the 9th over - 0 runs, 1 hit, 0 errors, 0 left on base; Oklahoma 1 - Texas Tech 6 | |